 Dungeon Crawl Stone Soup version 0.29.0-4-gdea44cf6ec (webtiles) character file.

Game seed: 1779036539872956167

819 qw the Cleaver (level 7, -8/42 HPs)
             Began as a Tengu Warper on Aug 28, 2022.
             Mangled by an ogre
             ... wielding a +0 giant spiked club
              (21 damage)
             ... on level 5 of the Dungeon.
             The game lasted 00:00:28 (4390 turns).

qw the Cleaver (Tengu Warper)                       Turns: 4390, Time: 00:00:28

Health: -8/42      AC: 14    Str: 14    XL:     7   Next: 95%
Magic:  0/11       EV:  5    Int: 13    God:
Gold:   51         SH:  0    Dex: 13    Spells: 10/10 levels left

rFire   . . .      SeeInvis .   p - +0 war axe
rCold   . . .      Faith    .   (no shield)
rNeg    . . .      Spirit   +   f - +0 plate armour
rPois   .          Reflect  .   (helmet restricted)
rElec   .          Harm     .   i - +0 cloak
rCorr   .          Rampage  .   j - +0 pair of gloves
Will    .....                   (boots unavailable)
Stlth   ..........              b - amulet of guardian spirit
HPRegen 0.14/turn               (no ring)
MPRegen 0.12/turn               (no ring)

@: flying quickly and evasively, quick
A: beak, talons 3, nimble flight
a: no special abilities


You were on level 5 of the Dungeon.
You visited 1 branch of the dungeon, and saw 5 of its levels.

You collected 337 gold pieces.
You spent 286 gold pieces at shops.


Innate Abilities, Weirdness & Mutations

You have a beak for a mouth.
You have claws for feet.
Your magical nature lets you fly swiftly and evasively.


   Skills:
 - Level 3.7 Fighting
 + Level 8.0 Axes
 - Level 1.0 Throwing
 - Level 4.1 Armour
 - Level 2.1 Dodging
 - Level 2.0 Spellcasting
 - Level 2.4 Translocations


You had 10 spell levels left.
You didn't know any spells.
Your spell library contained the following spells:

 Spells                   Type           Power      Damage    Failure   Level
 Blink                    Tloc           14%        N/A       100%        2
 Gell's Gravitas          Tloc           7%         N/A       100%        3
 Lesser Beckoning         Tloc           7%         N/A       100%        3
 Teleport Other           Tloc           7%         N/A       100%        3
 Manifold Assault         Tloc           7%         N/A       100%        5

Inventory:

Hand Weapons
 n - a +0 flail
 p - a +0 war axe (weapon)
Missiles
 a - 11 boomerangs
 l - 2 silver boomerangs (quivered)
Armour
 f - a +0 plate armour (worn)
 i - a +0 cloak (worn)
 j - a +0 pair of gloves (worn)
Jewellery
 b - an amulet of guardian spirit (around neck)
 k - a ring of fire
Scrolls
 g - a scroll of identify
Potions
 c - a potion of heal wounds
 d - a potion of haste
 e - 2 potions of mutation
 h - 5 potions of curing
 m - a potion of lignification {unknown}
 o - a potion of might

Dungeon Overview and Level Annotations

Branches:
Dungeon (5/15)
 Temple: D:4-7

Altars:
Ashenzari
Wu Jian

Shops:
D:4 !


Message History

You throw a silver boomerang. The silver boomerang hits the orc.
You kill the orc!
h - 5 potions of curing (gained 1)
Things that are here:
a +0 club; an orc corpse An ogre comes into view.
It is wielding a +0 giant spiked club.
Throw: 2 boomerangs (silver)
Press: ? - help, Q - select action, (/) - cycle Shift-Dir - straight line, f - ogre You throw a silver boomerang.
The silver boomerang hits the ogre but does no damage.
The ogre is lightly wounded.
Throw: 2 boomerangs (silver)
Press: ? - help, Q - select action, (/) - cycle Shift-Dir - straight line, f/p - ogre You throw a silver boomerang.
The silver boomerang hits the ogre.
The ogre is lightly wounded.
Throw: 2 boomerangs (silver)
Press: ? - help, Q - select action, (/) - cycle Shift-Dir - straight line, f/p - ogre You throw a silver boomerang.
The silver boomerang hits the ogre.
The ogre is moderately wounded.
Throw: 2 boomerangs (silver)
Press: ? - help, Q - select action, (/) - cycle Shift-Dir - straight line, f/p - ogre You throw a silver boomerang.
The silver boomerang barely misses the ogre.
An orc comes into view. It is wielding a +0 trident.
4385 ||| Stepping ~*~*~tactically~*~*~ (stealth).
The ogre hits you with a +0 giant spiked club!
You slash the ogre!
The ogre is heavily wounded.
The ogre hits you with a +0 giant spiked club!!
Ouch! That really hurt!
You hit the ogre. You claw the ogre.
The ogre is severely wounded.
You hit the ogre but do no damage. You claw the ogre.
The ogre is almost dead.
The ogre barely misses you.
You completely miss the ogre.
The ogre is almost dead.
The ogre hits you with a +0 giant spiked club!!
Ouch! That really hurt!
You die...

.........###......#...#
.........# ##...#...#.###
.........###....#.......#
####.......#............#
#.#####......#.......# #.
#<#..#..##.......# #
#.##............##
#........)....###
#####.##.@#####
#.....O....# ###.#......#
...#......# .####........
# #####.... .... ...


You could see an ogre.

Vanquished Creatures
  A black bear (D:5)
  A phantom (D:5)
  2 kobold brigands (D:3)
  2 scorpions
  4 hounds
  A jelly (D:5)
  An iguana (D:4)
  Natasha (thrice) (D:4)
  8 adders
  2 worms
  3 dart slugs
  2 orcs
  5 ball pythons
  6 endoplasms
  7 giant cockroaches
  4 goblins
  4 hobgoblins
  2 jackals (D:1)
  11 kobolds
  2 quokkas
  4 bats
  3 frilled lizards
  4 rats
82 creatures vanquished.

Notes
Turn   | Place    | Note
-------+----------+-------------------------------------------
     0 | D:1      | qw the Tengu Warper began the quest for the Orb.
     0 | D:1      | Reached XP level 1. HP: 12/12 MP: 4/4
     0 | D:1      | 0 ||| qw: Version: 0.1-a-89-g26bdef1
     0 | D:1      | 0 ||| qw: Game counter: 1866
     0 | D:1      | 0 ||| qw: Always use a shield: true
     0 | D:1      | 0 ||| qw: God list: Okawaru
     0 | D:1      | 0 ||| qw: Allow faded altars: false
     0 | D:1      | 0 ||| qw: Do Orc after D:15 true
     0 | D:1      | 0 ||| qw: Do second Lair branch before Depths: true
     0 | D:1      | 0 ||| qw: Lair rune preference: random
     0 | D:1      | 0 ||| qw: Plans: Normal
     0 | D:1      | 0 ||| PLANNING D:1-11
   120 | D:1      | 120 ||| Stepping ~*~*~tactically~*~*~ (stealth).
   123 | D:1      | 123 ||| Stepping ~*~*~tactically~*~*~ (stealth).
   131 | D:1      | 131 ||| Stepping ~*~*~tactically~*~*~ (stealth).
   219 | D:1      | Reached skill level 3 in Axes
   219 | D:1      | Reached XP level 2. HP: 17/17 MP: 6/6
   626 | D:1      | 626 ||| DROPPING +0 club.
   722 | D:1      | 722 ||| UPGRADING to +0 pair of gloves.
   727 | D:1      | 727 ||| DROPPING ring of magical power.
   728 | D:1      | 728 ||| READING scroll labelled OFICUNKUHE.
   729 | D:1      | 729 ||| READING scroll labelled ZATHUH GOCAUSUPLE.
   730 | D:1      | 730 ||| READING scroll labelled TEGEBI UNKIOM.
   731 | D:1      | 731 ||| DRINKING 2 golden potions.
   732 | D:1      | 732 ||| DROPPING scroll of blinking.
   733 | D:1      | 733 ||| DROPPING potion of brilliance.
   856 | D:2      | Reached XP level 3. HP: 18/21 MP: 7/7
   918 | D:2      | Reached skill level 4 in Axes
  1007 | D:2      | 1007 ||| Stepping ~*~*~tactically~*~*~ (hiding).
  1008 | D:2      | 1008 ||| Stepping ~*~*~tactically~*~*~ (hiding).
  1500 | D:2      | Reached XP level 4. HP: 26/26 MP: 8/8
  1651 | D:2      | 1651 ||| UPGRADING to +0 ring mail.
  1661 | D:2      | 1661 ||| DROPPING +0 leather armour.
  1662 | D:2      | 1662 ||| UPGRADING to +0 cloak.
  1667 | D:2      | 1667 ||| READING scroll labelled WONTIN KIHUO.
  1668 | D:2      | 1668 ||| READING scroll labelled FAOW DIOVIP.
  1749 | D:3      | Identified the +0 whip of the Delightful God {vorpal, rElec
                  | rC+ Will+ Int+3}
  1751 | D:3      | 1751 ||| DROPPING +0 whip.
  1883 | D:3      | Reached skill level 5 in Axes
  2235 | D:3      | 2235 ||| UPGRADING to +0 plate armour.
  2241 | D:3      | 2241 ||| UPGRADING to +0 ring mail.
  2246 | D:3      | 2246 ||| UPGRADING to +0 plate armour.
  2251 | D:3      | 2251 ||| Stepping ~*~*~tactically~*~*~ (stealth).
  2252 | D:3      | 2252 ||| UPGRADING to +0 plate armour.
  2329 | D:3      | 2329 ||| DROPPING +0 ring mail.
  2347 | D:3      | Noticed a kobold brigand
  2347 | D:3      | Noticed a kobold brigand
  2362 | D:3      | Killed a kobold brigand
  2363 | D:3      | Reached skill level 3 in Armour
  2363 | D:3      | Gained mutation: Your magical nature lets you fly swiftly
                  | and evasively. [Tengu growth]
  2363 | D:3      | Reached XP level 5. HP: 10/30 MP: 9/9
  2363 | D:3      | HP: 6/30 [kobold brigand/+0 club (4)]
  2365 | D:3      | HP: 2/30 [kobold brigand/+0 club (2)]
  2367 | D:3      | Killed a kobold brigand
  2368 | D:3      | Reached XP level 6. HP: 3/35 MP: 10/10
  2674 | D:3      | 2674 ||| DROPPING +0 whip of the Delightful God {vorpal,
                  | rElec rC+ Will+ Int+3}.
  2990 | D:3      | 2990 ||| READING scroll labelled FOEVEY LIME.
  2991 | D:3      | 2991 ||| DRINKING 2 fizzy amethyst potions.
  2992 | D:3      | 2992 ||| READING 4 scrolls of identify.
  2992 | D:3      | 2992 ||| IDENTIFYING blue potion
  2993 | D:3      | 2993 ||| READING 3 scrolls of identify.
  2993 | D:3      | 2993 ||| IDENTIFYING glowing dark potion
  2994 | D:3      | 2994 ||| READING 2 scrolls of identify.
  2994 | D:3      | 2994 ||| IDENTIFYING fizzy white potion
  2995 | D:3      | 2995 ||| DROPPING potion of flight.
  2996 | D:3      | 2996 ||| DROPPING potion of attraction.
  2997 | D:3      | 2997 ||| DROPPING potion of ambrosia.
  3063 | D:4      | Reached skill level 6 in Axes
  3140 | D:4      | Identified the +7 halberd of Inconvenience {flame, rPois
                  | rN+}
  3140 | D:4      | Noticed Natasha
  3148 | D:4      | Killed Natasha
  3174 | D:4      | Noticed Natasha
  3185 | D:4      | Killed Natasha
  3186 | D:4      | Reached skill level 7 in Axes
  3286 | D:4      | Found Sigewaal's Distillery.
  3296 | D:4      | 3296 ||| BUYING potion of curing (39 gold).
  3296 | D:4      | Bought a potion of curing for 39 gold pieces
  3296 | D:4      | 3296 ||| BUYING potion of curing (39 gold).
  3296 | D:4      | Bought a potion of curing for 39 gold pieces
  3296 | D:4      | 3296 ||| BUYING potion of curing (39 gold).
  3296 | D:4      | Bought a potion of curing for 39 gold pieces
  3296 | D:4      | 3296 ||| BUYING potion of heal wounds (65 gold).
  3296 | D:4      | Bought a potion of heal wounds for 65 gold pieces
  3296 | D:4      | 3296 ||| BUYING potion of mutation (104 gold).
  3296 | D:4      | Bought a potion of mutation for 104 gold pieces
  3460 | D:4      | 3460 ||| Stepping ~*~*~tactically~*~*~ (hiding).
  3465 | D:4      | Noticed Natasha
  3474 | D:4      | Killed Natasha
  3475 | D:4      | Reached XP level 7. HP: 28/40 MP: 11/11
  3794 | D:4      | 3794 ||| UPGRADING to amulet of guardian spirit.
  3799 | D:4      | 3799 ||| READING 3 scrolls of identify.
  3799 | D:4      | 3799 ||| IDENTIFYING coppery potion
  3800 | D:4      | 3800 ||| READING 2 scrolls of identify.
  3800 | D:4      | 3800 ||| IDENTIFYING green potion
  3801 | D:4      | 3801 ||| DROPPING potion of magic.
  3810 | D:5      | Entered Level 5 of the Dungeon
  3828 | D:5      | Reached skill level 3 in Fighting
  3990 | D:5      | Found an ornate altar of the Wu Jian Council.
  4055 | D:5      | 4055 ||| SWAPPING to +0 war axe.
  4056 | D:5      | 4056 ||| DROPPING +1 hand axe.
  4065 | D:5      | Reached skill level 8 in Axes
  4197 | D:5      | Found a broken altar of Ashenzari.
  4385 | D:5      | 4385 ||| Stepping ~*~*~tactically~*~*~ (stealth).
  4390 | D:5      | Mangled by an ogre

Levels and vault maps discovered:
D:1:      scummos_arrival_hexagon, layout_loops_cross, dreamdust_wishing_well
D:2:      layout_loops_ring, minivault_11, corexii_corridor_pit
D:3:      cheibrodos_thug_alley, layout_basic
D:4:      layout_cave_pools, serial_shops, shop, uniq_natasha
D:5:      layout_basic, mainiacjoe_overflow_six_doors_small,
          mainiacjoe_overflow_alcove_1, ashenzari_altar_1,
          chequers_serial_rivers_micro_b

Skill      XL: |  1  2  3  4  5  6  7 |
---------------+----------------------+-----
Axes           | 3 4 5 7 8 |  8.0
Armour         | 3 4 |  4.1
Fighting       | 3 |  3.7
Throwing       | |  1.0
Dodging        | |  2.1
Spellcasting   | |  2.0
Translocations | |  2.4

Action                   |  1- 3 |  4- 6 |  7- 9 || total
-------------------------+-------+-------+-------++-------
Melee: Hand axe          |    56 |    92 |    41 ||   189
       Peck              |    11 |    12 |     9 ||    32
       Kick              |    14 |    18 |    23 ||    55
       War axe           |       |       |    16 ||    16
       Punch             |       |       |     2 ||     2
Throw: Boomerang         |    22 |    29 |    22 ||    73
  Use: Scroll            |     3 |     6 |     2 ||    11
       Potion            |     1 |     1 |       ||     2
Armor: Leather armour    |     9 |       |       ||     9
       Plate armour      |       |    47 |    35 ||    82
       Ring mail         |       |     8 |       ||     8
       Skin              |       |     2 |       ||     2
Dodge: Dodged            |    28 |    26 |     8 ||    62

Table legend:
 A = Non-vault XP
 B = Vault XP
 C = Vault XP percentage of total XP
 D = Non-vault monster count
 E = Vault monster count
 F = Vault count percentage of total count
                 A         B        C        D         E       F
            +---------+---------+-------+---------+---------+-------
      Total |     928 |     242 |  20.7 |      71 |      11 |  13.4
            +---------+---------+-------+---------+---------+-------
        D:1 |      29 |       0 |   0.0 |      18 |       0 |   0.0
        D:2 |      54 |       0 |   0.0 |      15 |       0 |   0.0
        D:3 |      47 |     207 |  81.5 |      11 |      10 |  47.6
        D:4 |     287 |      35 |  10.9 |      17 |       1 |   5.6
        D:5 |     511 |       0 |   0.0 |      10 |       0 |   0.0
            +---------+---------+-------+---------+---------+-------
